 Dungeon Crawl Stone Soup version 0.22-a0-247-gbddf880 (webtiles) character file.

3 varam the Ruffian (level 1, -4/16 HPs)
             Began as a Draconian Transmuter on Feb 27, 2018.
             Slain by a gnoll
             ... wielding a +0 spear
              (7 damage)
             ... on level 1 of the Dungeon.
             The game lasted 00:01:08 (226 turns).

varam the Ruffian (Draconian Transmuter)             Turns: 226, Time: 00:01:09

Health: -4/16      AC:  4    Str: 12    XL:     1   Next: 41%
Magic:  2/3        EV: 12    Int: 13    God:
Gold:   4          SH:  0    Dex: 11    Spells: 3/4 levels left

rFire    . . .     SeeInvis .     - Unarmed
rCold    . . .     Gourm    .   (no shield)
rNeg     . . .     Faith    .   (armour unavailable)
rPois    .         Spirit   .   (helmet restricted)
rElec    .         Reflect  .   (no cloak)
rCorr    .         Harm     .   (no gloves)
MR       .....                  (boots currently unavailable)
Stlth    +.........             (no amulet)
HPRegen  0.05/turn              (no ring)
MPRegen  0.08/turn              (no ring)

@: appendage
A: unfitting armour, talons 3, cold-blooded, AC +4
a: End Transformation


You were on level 1 of the Dungeon.
You were not hungry.
You had grown temporary talons.
You visited 1 branch of the dungeon, and saw 1 of its levels.

You collected 4 gold pieces.

Inventory:

Missiles
 a - 12 arrows
Scrolls
 e - a scroll of teleportation {unknown}
 f - a scroll of enchant armour {unknown}
Potions
 d - a potion of brilliance {unknown}
Comestibles
 b - 2 rations
 c - a chunk of flesh


   Skills:
 - Level 1.1 Fighting
 - Level 1.7 Dodging
 + Level 3.2 Unarmed Combat
 - Level 2.0 Spellcasting
 - Level 2.0 Transmutations


You had 3 spell levels left.
You knew the following spells:

 Your Spells              Type           Power        Failure   Level  Hunger
a - Beastly Appendage     Tmut           #.....       11%         1    ##.....


Dungeon Overview and Level Annotations

Branches:
Dungeon (1/15)

Altars:


Innate Abilities, Weirdness & Mutations

Your plain brown scales are hard. (AC +4)
You cannot fit into any form of body armour.
You are cold-blooded and may be slowed by cold attacks.
You have claws for feet.


Message History

You open the door.
The leopard gecko hisses angrily.
The gnoll barely misses you.
There is an open door here.
Your talons disappear.
The leopard gecko hisses menacingly.
Your magical contamination has completely faded away.
The leopard gecko hisses menacingly.
There is an open door here.
Casting: Beastly Appendage (safe; 11% risk of failure)
Confirm with . or Enter, or press ? or * to list all spells.
Your feet morph into talons.
The gnoll hits you from afar with a spear.
* * * LOW HITPOINT WARNING * * *
The gnoll barely misses you.
You closely miss the gnoll. Your kick misses the gnoll.
The gnoll closely misses you.
You barely miss the gnoll. Your kick misses the gnoll.
The gnoll hits you with a spear!
You die...

### ########## # ..#
#......... #.######.#
#.#######. ###........# #.#
#.
........##.###########.#####
#.
.##.###.......@glg.........#
#.
#.###.##.##.########.###.#
#. #.....##.#...##
#.###.###. #.............#
#...l..... #..##.##.#...##
#####.#### #.##..##.##.##.##
#.# #...........##.#
####.### #####.########.#
#......# #..(.# ##+##
#l##.#.#


You could see a gnoll, a leopard gecko and a goblin.

Vanquished Creatures
  A hobgoblin (D:1)
  A frilled lizard (D:1)
  2 rats (D:1)
4 creatures vanquished.

Notes
Turn   | Place    | Note
-------+----------+-------------------------------------------
     0 | D:1      | varam the Draconian Transmuter began the quest for the Orb.
     0 | D:1      | Reached XP level 1. HP: 16/16 MP: 3/3
   226 | D:1      | Slain by a gnoll

Vault maps used:
D:1:      dpeg_arrival_prison, st_stairs_3

Action                   || total
-------------------------++-------
Melee: Unarmed           ||    18
       Headbutt          ||     1
 Cast: Beastly Appendage ||     4
Armor: Skin              ||     4
Dodge: Dodged            ||    12

Table legend:
 A = Spawn XP
 B = Non-spawn XP
 C = Spawn XP percentage of total XP
 D = Spawn monster count
 E = Non-spawn monster count
 F = Spawn count percentage of total count
 G = Total turns spent on level
                    A         B        C        D         E        F      G
               +---------+---------+-------+---------+---------+-------+---------
         Total |       0 |       5 |   0.0 |       0 |       4 |   0.0 |   226
               +---------+---------+-------+---------+---------+-------+---------
           D:1 |       0 |       5 |   0.0 |       0 |       4 |   0.0 |   226
               +---------+---------+-------+---------+---------+-------+---------
